 Dungeon Crawl Stone Soup version 0.26-a0-29-gb080af9 (webtiles) character file.

Game seed: 7923409802497639480, levelgen mode: deterministic

146581 thirtiethelement the Thaumaturge (level 17, -29/131 HPs)
             Began as a Gnoll Conjurer on May 28, 2020.
             Was the Champion of Vehumet.
             Killed from afar by Arachne (38 damage)
             ... with a bolt of poison
             ... on level 4 of the Spider Nest on May 29, 2020.
             The game lasted 02:27:59 (30793 turns).

thirtiethelement the Thaumaturge (Gnoll Conjurer)  Turns: 30793, Time: 02:28:00

Health: -29/131    AC: 18    Str: 18      XL:     17   Next: 44%
Magic:  1/33       EV: 22    Int: 25 (26) God:    Vehumet [******]
Gold:   1874       SH: 14    Dex: 20      Spells: 4/40 levels left

rFire    . . .     SeeInvis +   s - +8 war axe of Ekeeprag {pain, *Drain Str+6}
rCold    . . .     Gourm    .   m - +1 buckler of Yredelemnul's Esteem {Harm}
rNeg     . . .     Faith    .   I - +1 robe "Zebeokua" {Regen+ rCorr Int+3 Stlth-}
rPois    .         Spirit   .   N - +2 helmet {SInv}
rElec    .         Reflect  +   f - +2 cloak
rCorr    +         Harm     +   y - +2 pair of gloves
MR       +....     Clarity  +   (no boots)
Stlth    +++++.....             t - amulet of reflection
HPRegen  0.71/turn              d - ring "Miwumiep" {Dex+4 Stlth+}
MPRegen  0.23/turn              K - +4 ring of protection

@: lethally poisoned (-29 -> -36), no potions, very slightly contaminated
A: distributed training, fangs 1, clarity, MP-powered wands, strong nose
a: Renounce Religion


You were on level 4 of the Spider Nest.
You worshipped Vehumet.
Vehumet was exalted by your worship.
You were not hungry.

You visited 5 branches of the dungeon, and saw 26 of its levels.
You also visited: Ossuary and Volcano.

You collected 3553 gold pieces.
You spent 1679 gold pieces at shops.

Inventory:

Hand Weapons
 e - a +2 quick blade of flaming
 r - a +4 scimitar of flaming
 s - the +8 war axe of Ekeeprag (weapon) {pain, *Drain Str+6}
   (You bought it in a shop on level 2 of the Orcish Mines)

   In the hands of one skilled in necromantic magic, it inflicts extra damage on
   living creatures.
   It affects your strength (+6).
   It causes draining when unequipped.
Missiles
 p - 53 boomerangs (quivered)
Armour
 f - a +2 cloak (worn)
 m - the +1 buckler of Yredelemnul's Esteem (worn) {Harm}
   (You bought it in a shop on level 2 of the Orcish Mines)

   It increases damage dealt and taken.
 y - a +2 pair of gloves (worn)
 I - the +1 robe "Zebeokua" (worn) {Regen+ rCorr Int+3 Stlth-}
   (You found it on level 7 of the Dungeon)

   It affects your intelligence (+3).
   It increases your rate of regeneration.
   It provides partial protection from all sources of acid and corrosion.
   It makes you less stealthy.
 N - a +2 helmet of see invisible (worn)
Jewellery
 d - the ring "Miwumiep" (left hand) {Dex+4 Stlth+}
   (You found it on level 3 of the Lair of Beasts)

   [ring of stealth]

   It affects your dexterity (+4).
   It makes you more stealthy.
 h - an uncursed ring of magical power
 t - an amulet of reflection (around neck)
 C - an uncursed amulet of regeneration
 K - a +4 ring of protection (right hand)
Wands
 w - a wand of flame (52)
 x - a wand of random effects (17)
 z - a wand of enslavement (17)
 D - a wand of polymorph (15)
 M - a wand of iceblast (10)
 P - a wand of digging (6)
 U - a wand of clouds (12)
 X - a wand of paralysis (10)
Scrolls
 k - 12 scrolls of remove curse
 l - 8 scrolls of teleportation
 u - 4 scrolls of magic mapping
 B - a scroll of fear
 E - a scroll of torment
 G - 2 scrolls of fog
 H - a scroll of enchant weapon
 J - a scroll of enchant armour
 O - a scroll of amnesia
 W - 2 scrolls of identify
Potions
 a - 3 potions of flight
 b - a potion of ambrosia {unknown}
 g - 4 potions of might
 i - a potion of invisibility
 j - 3 potions of berserk rage {unknown}
 n - 2 potions of stabbing {unknown}
 o - a potion of magic {unknown}
 v - 2 potions of resistance {unknown}
 A - 2 potions of haste
 L - 9 potions of curing
 Q - 2 potions of experience {unknown}
 R - a potion of cancellation {unknown}
 T - 2 potions of brilliance {unknown}
 Z - 2 potions of degeneration {unknown}
Miscellaneous
 q - a tin of tremorstones (3/3)
 F - a box of beasts
 V - a phial of floods
 Y - a lightning rod (4/4)
Comestibles
 c - 22 rations


   Skills:
 + Level 11.3 Fighting
 + Level 11.3 Short Blades
 + Level 11.3 Long Blades
 + Level 11.3 Axes
 + Level 11.3 Maces & Flails
 + Level 11.3 Polearms
 + Level 11.3 Staves
 + Level 11.3 Slings
 + Level 11.3 Bows
 + Level 11.3 Crossbows
 + Level 11.3 Throwing
 + Level 11.3 Armour
 + Level 12.1 Dodging
 + Level 12.0 Stealth
 + Level 11.3 Shields
 + Level 11.3 Unarmed Combat
 + Level 12.2 Spellcasting
 + Level 11.8 Conjurations
 + Level 9.7 Hexes
 + Level 9.7 Charms
 + Level 9.7 Summonings
 + Level 9.7 Necromancy
 + Level 9.7 Translocations
 + Level 9.7 Transmutations
 + Level 9.7 Fire Magic
 + Level 9.7 Ice Magic
 + Level 9.7 Air Magic
 + Level 9.7 Earth Magic
 + Level 9.7 Poison Magic
 + Level 12.2 Invocations
 + Level 11.3 Evocations


You had 4 spell levels left.
You knew the following spells:

 Your Spells              Type           Power        Failure   Level  Hunger
a - Magic Dart            Conj           ####         1%          1    None
b - Searing Ray           Conj           ######       1%          2    None
c - Fulminant Prism       Conj/Hex       ######....   1%          4    None
d - Ozocubu's Refrigerat  Ice            ######....   3%          6    #####..
e - Shock                 Conj/Air       ####         1%          1    None
f - Foxfire               Conj/Fire      ####         1%          1    None
g - Mephitic Cloud        Conj/Pois/Air  ######..     1%          3    None
h - Frozen Ramparts       Ice            ######       1%          3    None
i - Airstrike             Air            ######....   1%          4    None
j - Starburst             Conj/Fire      ######....   2%          6    #####..
k - Lee's Rapid Deconstr  Erth           ######....   1%          5    ###....

Your spell library contained the following spells:

 Spells                   Type           Power        Failure   Level  Hunger
 Chain Lightning          Conj/Air       ######....   58%         8    #######
 Lehudib's Crystal Spear  Conj/Erth      ######....   58%         8    #######
 Shatter                  Erth           ######....   100%        9    #######
 Apportation              Tloc           ######       1%          1    None
 Summon Butterflies       Summ           ######..     1%          1    None
 Poisonous Vapours        Pois/Air       ######       1%          2    None
 Conjure Flame            Conj/Fire      ######..     1%          3    None
 Dazzling Flash           Conj/Hex       ######       1%          3    None
 Lesser Beckoning         Tloc           ######....   1%          3    None
 Recall                   Summ/Tloc      N/A          1%          3    None
 Tukima's Dance           Hex            ######..     1%          3    None
 Cause Fear               Hex            ######....   1%          4    None
 Iskenderun's Mystic Bla  Conj/Tloc      ######..     1%          4    None
 Summon Lightning Spire   Summ/Air       ######..     1%          4    None
 Alistair's Intoxication  Tmut/Pois      ######..     1%          5    ###....
 Aura of Abjuration       Summ           ######....   1%          5    ###....
 Silence                  Hex/Air        ######....   1%          5    ###....
 Summon Demon             Summ           ######....   1%          5    ###....
 Summon Forest            Summ/Tloc      ######....   1%          5    ###....
 Summon Mana Viper        Hex/Summ       ######..     1%          5    ###....
 Yara's Violent Unravell  Hex/Tmut       ######....   1%          5    ###....
 Conjure Ball Lightning   Conj/Air       ######....   2%          6    #####..
 Freezing Cloud           Conj/Ice/Air   ######....   2%          6    #####..
 Invisibility             Hex            ######..     11%         6    #####..
 Shadow Creatures         Summ           N/A          11%         6    #####..
 Dragon Form              Tmut           ######....   52%         7    ######.
 Ring of Flames           Chrm/Fire      ######....   52%         7    ######.
 Discord                  Hex            ######....   99%         8    #######
 Dragon's Call            Summ           ######....   100%        9    #######
 Tornado                  Air            ######....   100%        9    #######


Dungeon Overview and Level Annotations

Branches:
Dungeon (13/15)            Temple (1/1) D:4            Lair (6/6) D:11
  Swamp (0/4) Lair:3       Spider (4/4) Lair:3        Slime (0/5) Lair:5
    Orc (2/2) D:12            Elf (0/3) Orc:2       Ossuary (visited)
Volcano (visited)
 Vaults: D:13-14

Altars:
Ashenzari
Cheibriados
Dithmenos
Elyvilon
Fedhas
Gozag
Hepliaklqana
Kikubaaqudgha
Makhleb
Nemelex Xobeh
Okawaru
Qazlal
Ru
Sif Muna
Trog
Uskayaw
Vehumet
Wu Jian
Xom
Yredelemnul
Zin
The Shining One
Beogh
Jiyva

Shops:
D:6 %   D:9 (   Orc:1 [   Orc:2 %([[

Annotations:
D:13 Frances
Spider:4 Arachne


Innate Abilities, Weirdness & Mutations

Your experience applies equally to all skills.
You have very sharp teeth.
Your uncanny sense of smell can sniff out nearby items.
You possess an exceptional clarity of mind.
You expend magic power (3 MP) to strengthen your wands.


Message History

* * * LOW HITPOINT WARNING * * *
Arachne envenoms you!
* * * LOW HITPOINT WARNING * * *
You are more poisoned.
The ghost moth stares at you. The ghost moth misses you.
The ghost moth closely misses you. You block the ghost moth's attack.
Arachne hits you but does no damage. Arachne envenoms you!
* * * LOW HITPOINT WARNING * * *
You are more poisoned.
Evoke which item? (* to show all) (? for menu, Esc to quit)
Aiming: Enslavement
Press: ? - help, Shift-Dir - straight line, f/p - Arachne
Aim: Arachne, wielding a staff of poison (heavily wounded, very poisoned, chance to defeat MR: 40%) Arachne resists with some effort.
You feel sick. The ghost moth barely misses you. The ghost moth misses you. x2
Arachne stares at you and mumbles some strange words.
The bolt of poison hits you!!
You are more poisoned.
You die...

#..## #..#
#.. #..#
#... #..#
#.... #..#
..†#
#..##...##
#...#....#.
#...'......
#..@H^..^$.
#...y......
#...#....#.
##.##.†.##
#.# .$.#
#.# #....
#.#∆ #...
#.# #.. #.#


You could see Arachne (very poisoned) and a ghost moth (invisible).

Vanquished Creatures
  Rupert (Lair:3)
  Donald (Spider:1)
  A ghost moth (Spider:4)
  An emperor scorpion (Spider:2)
  3 entropy weavers
  A very ugly thing (D:12)
  Nessos (Orc:2)
  A dire elephant (Lair:4)
  Azrael (Orc:2)
  3 spark wasps
  The ghost of Ihuargh the Cleaver, a journeyman FoFi of the Shining One (Lair:1)
  A fire dragon (D:13)
  The ghost of Dittersdorf the Fighter, a journeyman GrFi of Okawaru (D:12)
  Fannar (Lair:3)
  8 hydras
  A catoblepas (Lair:6)
  3 centaur warriors
  A queen ant (Spider:1)
  2 two-headed ogres
  A tengu warrior (D:12)
  An alligator (D:10)
  7 orc high priests
  12 death yaks
  2 fire crabs
  3 unseen horrors
  A lindwurm (Volcano)
  An ugly thing (D:12)
  14 orb spiders
  11 orc knights
  A deep elf mage (D:13)
  2 orc sorcerers
  18 wolf spiders
  2 cyclopes
  A shining eye (D:10)
  28 elephants
  A moth of wrath (Spider:1)
  9 black mambas
  A molten gargoyle (Volcano)
  A centaur skeleton (D:10)
  A rime drake (Lair:1)
  10 spiny frogs
  3 komodo dragons (Lair:4)
  A freezing wraith (D:11)
  An efreet (D:12)
  7 demonic crawlers
  4 polar bears
  A tyrant leech (Lair:3)
  Prince Ribbit (D:7)
  8 trolls
  9 hornets
  25 jumping spiders
  Grinder (D:5)
  4 dream sheep (Lair:6)
  11 hippogriffs
  20 blink frogs
  3 slime creatures
  53 redbacks
  23 tarantellas
  14 spriggans
  Sigmund (D:6)
  7 fire bats (Volcano)
  2 wyverns (Lair:4)
  Grum (D:10)
  31 yaks
  2 fire elementals (Orc:2)
  17 vampire mosquitoes
  2 hungry ghosts
  A steam dragon (Volcano)
  4 basilisks
  3 wargs (Orc:2)
  A two-headed ogre zombie (D:12)
  12 water moccasins
  4 swamp worms (Lair:3)
  6 hell hounds
  14 soldier ants (Spider:1)
  50 orc warriors
  8 porcupines
  6 sky beasts
  8 black bears
  2 ice beasts
  11 ogres
  4 phantoms
  30 wolves
  4 boggarts (Lair:6)
  9 centaurs
  20 crocodiles
  2 big kobolds
  Blork the orc (D:5)
  A gnoll sergeant (D:9)
  22 bullfrogs
  A wyvern zombie (D:6)
  3 wyvern skeletons
  2 troll zombies (D:12)
  3 scorpions
  15 wights
  3 crimson imps
  4 lava snakes (Volcano)
  A centaur zombie (D:7)
  2 bullfrog zombies (D:9)
  2 jellies (D:6)
  35 orc priests
  5 hounds
  16 orc wizards
  2 bullfrog skeletons
  A gnoll shaman (D:9)
  Ijyb (D:5)
  5 iguanas
  5 hell rats (Lair:4)
  29 worker ants
  5 ogre zombies (D:12)
  A centaur simulacrum (D:12)
  2 hound zombies
  2 hound skeletons
  8 mummies (Ossuary)
  2 worker ant zombies (D:6)
  14 gnolls
  7 adders
  3 shadow imps
  4 oozes
  2 adder zombies
  3 worms
  2 leopard geckos
  91 orcs
  10 giant cockroaches
  6 hobgoblins
  9 jackals
  23 kobolds
  6 quokkas
  3 ball pythons
  8 bats
  7 frilled lizards
  A gnoll zombie (Ossuary)
  12 goblins
  2 goblin skeletons (D:12)
  3 goblin zombies (D:12)
  A hobgoblin skeleton (D:12)
  6 hobgoblin zombies
  2 kobold zombies (Ossuary)
  A leopard gecko skeleton (D:7)
  An orc skeleton (D:12)
  17 orc zombies
  10 rats
  A fulminant prism (D:11)
  11 fungi
  18 plants
1075 creatures vanquished.

Vanquished Creatures (collateral kills)
  A yak (Lair:4)
  A wyvern zombie (D:12)
  An orc priest (Orc:2)
3 creatures vanquished.

Vanquished Creatures (others)
  A kobold (D:12)
  A bush (Lair:5)
  128 foxfires
  34 fulminant prisms
  89 fungi
  34 plants
287 creatures vanquished.

Grand Total: 1365 creatures vanquished

Notes
Turn   | Place    | Note
-------+----------+-------------------------------------------
     0 | D:1      | thirtiethelement the Gnoll Conjurer began the quest for the
                  | Orb.
     0 | D:1      | Reached XP level 1. HP: 13/13 MP: 6/6
   117 | D:1      | Reached XP level 2. HP: 19/19 MP: 1/7
   508 | D:1      | Reached XP level 3. HP: 25/25 MP: 6/9
   599 | D:1      | Reached skill level 5 in Spellcasting
   818 | D:1      | Reached skill level 1 in Invocations
   831 | D:1      | HP: 1/25 [gnoll/+0 club (6)]
   832 | D:1      | Reached skill level 1 in Fighting
   832 | D:1      | Reached skill level 1 in Short Blades
   832 | D:1      | Reached skill level 1 in Long Blades
   832 | D:1      | Reached skill level 1 in Axes
   832 | D:1      | Reached skill level 1 in Maces & Flails
   832 | D:1      | Reached skill level 1 in Polearms
   832 | D:1      | Reached skill level 1 in Staves
   832 | D:1      | Reached skill level 1 in Slings
   832 | D:1      | Reached skill level 1 in Bows
   832 | D:1      | Reached skill level 1 in Crossbows
   832 | D:1      | Reached skill level 1 in Throwing
   832 | D:1      | Reached skill level 1 in Armour
   832 | D:1      | Reached skill level 1 in Shields
   832 | D:1      | Reached skill level 1 in Unarmed Combat
   832 | D:1      | Reached skill level 1 in Evocations
   832 | D:1      | Reached XP level 4. HP: 1/32 MP: 0/11
  1140 | D:1      | Learned a level 2 spell: Searing Ray
  1145 | D:1      | Learned a level 4 spell: Fulminant Prism
  1373 | D:2      | Reached skill level 1 in Hexes
  1373 | D:2      | Reached skill level 1 in Charms
  1373 | D:2      | Reached skill level 1 in Summonings
  1373 | D:2      | Reached skill level 1 in Necromancy
  1373 | D:2      | Reached skill level 1 in Translocations
  1373 | D:2      | Reached skill level 1 in Transmutations
  1373 | D:2      | Reached skill level 1 in Fire Magic
  1373 | D:2      | Reached skill level 1 in Ice Magic
  1373 | D:2      | Reached skill level 1 in Air Magic
  1373 | D:2      | Reached skill level 1 in Earth Magic
  1373 | D:2      | Reached skill level 1 in Poison Magic
  1503 | D:2      | Found a hazy altar of Hepliaklqana.
  1551 | D:2      | You fall into a shaft and drop 2 floors!
  1569 | D:3      | Found a blossoming altar of Fedhas.
  1569 | D:3      | Found a shimmering blue altar of Sif Muna.
  1569 | D:3      | Found a bloodstained altar of Trog.
  1579 | D:3      | Found a sparkling altar of Nemelex Xobeh.
  1579 | D:3      | Found a snail-covered altar of Cheibriados.
  1583 | D:3      | Reached XP level 5. HP: 37/37 MP: 7/12
  1584 | D:3      | Found a shimmering altar of Xom.
  1585 | D:3      | Found an iron altar of Okawaru.
  2774 | D:3      | Found an opulent altar of Gozag.
  2951 | D:4      | Found a staircase to the Ecumenical Temple.
  2960 | Temple   | Entered the Ecumenical Temple
  2987 | Temple   | Became a worshipper of Vehumet
  3233 | D:4      | Reached XP level 6. HP: 44/44 MP: 7/13
  4010 | D:5      | Entered Level 5 of the Dungeon
  4084 | D:5      | Reached skill level 5 in Dodging
  4176 | D:5      | Noticed Ijyb
  4185 | D:5      | Killed Ijyb
  4311 | D:5      | Reached XP level 7. HP: 50/50 MP: 9/15
  4313 | D:5      | Noticed Grinder
  4329 | D:5      | Killed Grinder
  4378 | D:5      | Reached skill level 5 in Stealth
  4678 | D:5      | Reached XP level 8. HP: 57/57 MP: 9/16
  4867 | D:5      | Noticed Blork the orc
  4876 | D:5      | Learned a level 4 spell: Iskenderun's Mystic Blast
  4883 | D:5      | Killed Blork the orc
  4886 | D:5      | Reached * piety under Vehumet
  4886 | D:5      | Offered knowledge of Shock by Vehumet.
  5509 | D:5      | Gained mutation: You expend magic power (3 MP) to
                  | strengthen your wands. [potion of mutation]
  5509 | D:5      | Gained mutation: You possess an exceptional clarity of
                  | mind. [potion of mutation]
  5948 | D:6      | Noticed a two-headed ogre
  5956 | D:6      | Killed a two-headed ogre
  5956 | D:6      | Reached XP level 9. HP: 52/65 MP: 2/18
  5959 | D:6      | Learned a level 1 spell: Shock
  6402 | D:6      | Noticed Sigmund
  6405 | D:6      | Killed Sigmund
  6524 | D:6      | Reached ** piety under Vehumet
  6524 | D:6      | Offered knowledge of Foxfire by Vehumet.
  6671 | D:6      | Found Emiot Mudad's Food Emporium.
  6678 | D:6      | Reached skill level 5 in Invocations
  6781 | D:6      | Learned a level 1 spell: Foxfire
  7169 | D:7      | Noticed a hornet
  7174 | D:7      | Killed a hornet
  7174 | D:7      | Reached XP level 10. HP: 73/73 MP: 13/20
  7962 | D:7      | Reached skill level 5 in Fighting
  7962 | D:7      | Reached skill level 5 in Short Blades
  7962 | D:7      | Reached skill level 5 in Long Blades
  7962 | D:7      | Reached skill level 5 in Axes
  7962 | D:7      | Reached skill level 5 in Maces & Flails
  7962 | D:7      | Reached skill level 5 in Polearms
  7962 | D:7      | Reached skill level 5 in Staves
  7962 | D:7      | Reached skill level 5 in Slings
  7962 | D:7      | Reached skill level 5 in Bows
  7962 | D:7      | Reached skill level 5 in Crossbows
  7962 | D:7      | Reached skill level 5 in Throwing
  7962 | D:7      | Reached skill level 5 in Armour
  7962 | D:7      | Reached skill level 5 in Shields
  7962 | D:7      | Reached skill level 5 in Unarmed Combat
  7962 | D:7      | Reached skill level 5 in Evocations
  8166 | D:7      | Found a shadowy altar of Dithmenos.
  8170 | D:7      | Offered knowledge of Mephitic Cloud by Vehumet.
  8175 | D:7      | Learned a level 3 spell: Mephitic Cloud
  8241 | D:7      | Got a dull robe
  8252 | D:7      | Identified the +1 robe "Zebeokua" {Regen+ rCorr Int+3
                  | Stlth-} (You found it on level 7 of the Dungeon)
  8254 | D:7      | Noticed Prince Ribbit
  8259 | D:7      | Killed Prince Ribbit
  8965 | D:8      | Reached *** piety under Vehumet
  9077 | D:8      | Found a sand-covered staircase.
  9086 | Ossuary  | Entered an ossuary
  9507 | D:8      | Offered knowledge of Frozen Ramparts by Vehumet.
  9512 | D:8      | Learned a level 3 spell: Frozen Ramparts
 10154 | D:9      | Identified the +0 chain mail "Gaihoeheph" {Dex+7}
 10513 | D:9      | Reached **** piety under Vehumet
 10597 | D:9      | Found Ymits's Weapon Emporium.
 10670 | D:9      | Reached XP level 11. HP: 81/81 MP: 20/22
 10848 | D:9      | Offered knowledge of Airstrike by Vehumet.
 10863 | D:9      | Learned a level 4 spell: Airstrike
 11147 | D:10     | Entered Level 10 of the Dungeon
 11366 | D:10     | Killed an unseen horror
 11366 | D:10     | Reached skill level 5 in Hexes
 11366 | D:10     | Reached skill level 5 in Charms
 11366 | D:10     | Reached skill level 5 in Summonings
 11366 | D:10     | Reached skill level 5 in Necromancy
 11366 | D:10     | Reached skill level 5 in Translocations
 11366 | D:10     | Reached skill level 5 in Transmutations
 11366 | D:10     | Reached skill level 5 in Fire Magic
 11366 | D:10     | Reached skill level 5 in Ice Magic
 11366 | D:10     | Reached skill level 5 in Air Magic
 11366 | D:10     | Reached skill level 5 in Earth Magic
 11366 | D:10     | Reached skill level 5 in Poison Magic
 11647 | D:10     | Noticed Grum
 11662 | D:10     | Killed Grum
 12032 | D:10     | Noticed an alligator
 12032 | D:10     | a slime creature changed into an alligator
 12032 | D:10     | Noticed a shining eye
 12032 | D:10     | a slime creature changed into a shining eye
 12032 | D:10     | Noticed a fire dragon
 12032 | D:10     | a slime creature changed into a fire dragon
 12142 | D:10     | Killed an alligator
 12155 | D:10     | Killed a shining eye
 12799 | D:11     | Noticed a cyclops
 12805 | D:11     | Killed a cyclops
 12930 | D:11     | Found a staircase to the Lair.
 13612 | D:12     | Reached XP level 12. HP: 89/89 MP: 21/24
 13652 | D:12     | Found a runed translucent door.
 13652 | D:12     | Noticed Dittersdorf's ghost (journeyman GrFi)
 13660 | D:12     | Noticed a centaur warrior
 13666 | D:12     | Killed a centaur warrior
 13670 | D:12     | Killed Dittersdorf's ghost
 13675 | D:12     | Identified the cursed +0 plate armour "Isuesch" {rN++
                  | Slay+3} (You found it on level 12 of the Dungeon)
 13804 | D:12     | Noticed a centaur warrior
 13824 | D:12     | Killed a centaur warrior
 13824 | D:12     | Reached ***** piety under Vehumet
 13829 | D:12     | Offered knowledge of Starburst by Vehumet.
 13908 | D:12     | Noticed a red very ugly thing
 14055 | D:12     | Noticed a tengu warrior
 14059 | D:12     | Killed a tengu warrior
 14147 | D:12     | Killed a red very ugly thing
 14315 | D:12     | Got a wavering iron ring
 14317 | D:12     | Identified the ring "Minid" {*Tele rF- Str+10} (You found
                  | it on level 12 of the Dungeon)
 14468 | D:12     | Found a staircase to the Orcish Mines.
 14472 | D:12     | Noticed a seven-headed hydra
 14484 | D:12     | Killed a seven-headed hydra
 15068 | D:13     | Noticed a centaur warrior
 15072 | D:13     | Killed a centaur warrior
 15072 | D:13     | Reached XP level 13. HP: 98/98 MP: 21/26
 15248 | D:13     | Killed a fire dragon
 15443 | D:13     | Noticed Frances
 15452 | D:13     | Learned a level 6 spell: Starburst
 15626 | Lair:1   | Entered Level 1 of the Lair of Beasts
 16138 | Lair:1   | Offered knowledge of Ozocubu's Refrigeration by Vehumet.
 16147 | Lair:1   | Learned a level 6 spell: Ozocubu's Refrigeration
 16341 | Lair:1   | Found a runed translucent door.
 16346 | Lair:1   | Noticed Ihuargh's ghost (journeyman FoFi)
 16394 | Lair:1   | Killed Ihuargh's ghost
 16800 | Lair:1   | Identified the cursed -2 pair of gloves of Enoseri {rElec
                  | rF+} (You found it on level 1 of the Lair of Beasts)
 17433 | Lair:2   | You fall into a shaft and drop 2 floors!
 17440 | Lair:4   | Noticed a dire elephant
 17479 | Lair:3   | Reached skill level 10 in Conjurations
 18418 | Lair:3   | Noticed Fannar
 18437 | Lair:3   | Killed Fannar
 18623 | Lair:3   | Found a hole to the Spider Nest.
 18806 | Lair:3   | Got a transparent copper ring
 18808 | Lair:3   | Identified the ring "Miwumiep" {Dex+4 Stlth+} (You found it
                  | on level 3 of the Lair of Beasts)
 18866 | Lair:3   | Reached skill level 10 in Spellcasting
 18912 | Lair:3   | Reached XP level 14. HP: 95/106 MP: 20/28
 18994 | Lair:3   | Found a staircase to the Swamp.
 19354 | Lair:3   | Noticed Rupert
 19366 | Lair:3   | Paralysed by Rupert for 4 turns
 19370 | Lair:3   | Killed Rupert
 19704 | Lair:4   | Reached skill level 10 in Dodging
 19962 | Lair:4   | Reached skill level 10 in Stealth
 20022 | Lair:4   | Offered knowledge of Orb of Destruction by Vehumet.
 20050 | Lair:4   | Reached skill level 10 in Invocations
 20315 | Lair:4   | Killed a dire elephant
 21137 | Lair:5   | Found a viscous altar of Jiyva.
 21138 | Lair:5   | Found a staircase to the Slime Pits.
 21754 | Lair:5   | Reached XP level 15. HP: 114/114 MP: 29/29
 22637 | Lair:6   | Entered Level 6 of the Lair of Beasts
 22689 | Lair:6   | Offered knowledge of Bolt of Magma by Vehumet.
 23551 | Lair:6   | Reached skill level 10 in Fighting
 23551 | Lair:6   | Reached skill level 10 in Short Blades
 23551 | Lair:6   | Reached skill level 10 in Long Blades
 23551 | Lair:6   | Reached skill level 10 in Axes
 23551 | Lair:6   | Reached skill level 10 in Maces & Flails
 23551 | Lair:6   | Reached skill level 10 in Polearms
 23551 | Lair:6   | Reached skill level 10 in Staves
 23551 | Lair:6   | Reached skill level 10 in Slings
 23551 | Lair:6   | Reached skill level 10 in Bows
 23551 | Lair:6   | Reached skill level 10 in Crossbows
 23551 | Lair:6   | Reached skill level 10 in Throwing
 23551 | Lair:6   | Reached skill level 10 in Armour
 23551 | Lair:6   | Reached skill level 10 in Shields
 23551 | Lair:6   | Reached skill level 10 in Unarmed Combat
 23551 | Lair:6   | Reached skill level 10 in Evocations
 23713 | Lair:6   | Offered knowledge of Lee's Rapid Deconstruction by Vehumet.
 23728 | Lair:6   | Learned a level 5 spell: Lee's Rapid Deconstruction
 24693 | Orc:1    | Entered Level 1 of the Orcish Mines
 24696 | Orc:1    | Found Setut's Antique Armour Shoppe.
 24724 | Orc:1    | Found a roughly hewn altar of Beogh.
 24786 | Orc:1    | Found a dark tunnel.
 24806 | Volcano  | Entered a volcano
 24867 | Volcano  | Found a burning altar of Makhleb.
 25757 | Orc:2    | Entered Level 2 of the Orcish Mines
 25766 | Orc:2    | Offered knowledge of Iron Shot by Vehumet.
 25802 | Orc:2    | Reached XP level 16. HP: 122/122 MP: 21/31
 25890 | Orc:2    | Noticed Azrael
 25895 | Orc:2    | Killed Azrael
 25924 | Orc:2    | Found a staircase to the Elven Halls.
 25925 | Orc:2    | Reached ****** piety under Vehumet
 25985 | Orc:2    | Noticed Nessos
 25987 | Orc:2    | Killed Nessos
 26334 | Orc:2    | Found Kekif's Antique Armour Emporium.
 26334 | Orc:2    | Found Patir's Food Emporium.
 26335 | Orc:2    | Found Gopnev's Armour Shoppe.
 26335 | Orc:2    | Found Yxziest's Antique Weapon Emporium.
 26342 | Orc:2    | Bought steaming steam dragon scales for 1260 gold pieces
 26342 | Orc:2    | Bought a faintly humming buckler for 266 gold pieces
 26353 | Orc:2    | Identified the +1 buckler of Yredelemnul's Esteem {Harm}
                  | (You bought it in a shop on level 2 of the Orcish Mines)
 26363 | Orc:2    | Identified the +2 steam dragon scales "Yphomi" {-Cast rF+++
                  | Int-3 SInv} (You bought it in a shop on level 2 of the
                  | Orcish Mines)
 26368 | Orc:2    | Bought a dazzling war axe for 153 gold pieces
 26368 | Orc:2    | Identified the +8 war axe of Ekeeprag {pain, *Drain Str+6}
                  | (You bought it in a shop on level 2 of the Orcish Mines)
 26642 | Orc:2    | Offered knowledge of Ignition by Vehumet.
 26660 | Orc:2    | Found a roughly hewn altar of Beogh.
 27048 | Spider:1 | Entered Level 1 of the Spider Nest
 27526 | Spider:1 | Noticed Donald
 27535 | Spider:1 | Killed Donald
 27776 | Spider:2 | You fall into a shaft and drop 1 floor!
 27839 | Spider:3 | Offered knowledge of Lehudib's Crystal Spear by Vehumet.
 27839 | Spider:3 | Offered knowledge of Shatter by Vehumet.
 27839 | Spider:3 | Offered knowledge of Chain Lightning by Vehumet.
 29334 | Spider:2 | Reached XP level 17. HP: 123/131 MP: 29/33
 30060 | Spider:4 | Entered Level 4 of the Spider Nest
 30784 | Spider:4 | Noticed Arachne
 30793 | Spider:4 | Killed from afar by Arachne

Illustrated notes

Levels and vault maps discovered:
D:1:      ncdulo_smallfort, layout_rooms, minmay_hexomino_c4
D:2:      layout_rooms, lemuel_round_altar, first_ration
D:3:      layout_basic, grunt_temple_overflow_open, grunt_gozag_breadcrumbs
D:4:      layout_loops_corners, minmay_temple_entry_ruins
D:5:      layout_layer_cave, kennysheep_generic_room_2, uniq_ijyb,
          uniq_blork_the_orc, uniq_grinder
D:6:      layout_basic, serial_shops,
          nicolae_shop_temple_entry_statues_fountains, uniq_sigmund
D:7:      layout_basic, lemuel_doored_altar, uniq_prince_ribbit1
D:8:      layout_basic, enter_ossuary_3
D:9:      layout_loops_ring, serial_shops, shop
D:10:     layout_cave_pools, grunt_pizzeria, uniq_grum
D:11:     layout_roguey, david_lair_generic, minmay_misc_feat_nine_boxes
D:12:     minmay_cut_squares, layout_loops_cross, zombieorc2_lemuel,
          ebering_ghost_inner_flame
D:13:     layout_big_octagon, uniq_frances
Temple:   oiseaux_autumnal_temple
Lair:1:   layout_layer_cave, ebering_ghost_reflecting_pool,
          nicolae_lair_grove_arrangements, minivault_19, st_stairs_9
Lair:2:   layout_chaotic_city, gauntlet_entry_generic, serial_bayou_pond_c,
          grunt_megastairs_1, serial_bayou_shore_b
Lair:3:   layout_cave_pods, palyth_hydra_swamp_entry, spider_nest_entry_rubble,
          uniq_fannar, uniq_rupert
Lair:4:   mu_elephants_graveyard, layout_misc_corridors
Lair:5:   layout_loops_ring, slime_altar_1, grunt_megastairs_4
Lair:6:   minmay_lair_end_enchanted_forest, layout_loops_ring,
          lemuel_fruit_fields
Spider:1: layout_spider_delve, minmay_another_anthill, uniq_donald
Spider:2: layout_spider_delve
Spider:3: layout_chambers, einodemon_crawler_minivault
Spider:4: johnstein_spider_rune_arachne_lair, drop_trap, uniq_agnes,
          uniq_asterion, uniq_arachne, uniq_nikola
Orc:1:    layout_caves, serial_shops, nicolae_shop_crystal, basic_altar,
          nicolae_volcano_entry_lava_flow, special_room [special_room_orc]
Orc:2:    st_orc_pillars, layout_diamond_mine, nicolae_orc_lost_temple,
          uniq_nessos, uniq_azrael

Skill      XL: |  1  2  3  4  5  6  7  8  9 10 11 12 13 14 15 16 17 |
---------------+----------------------------------------------------+-----
Spellcasting   | 5 6 7 8 9 10 11 12 | 12.2
Invocations    | 1 2 3 4 5 6 7 8 9 10 11 12 | 12.2
Fighting       | 1 2 3 4 5 6 7 8 9 10 11 | 11.3
Short Blades   | 1 2 3 4 5 6 7 8 9 10 11 | 11.3
Long Blades    | 1 2 3 4 5 6 7 8 9 10 11 | 11.3
Axes           | 1 2 3 4 5 6 7 8 9 10 11 | 11.3
Maces & Flails | 1 2 3 4 5 6 7 8 9 10 11 | 11.3
Polearms       | 1 2 3 4 5 6 7 8 9 10 11 | 11.3
Staves         | 1 2 3 4 5 6 7 8 9 10 11 | 11.3
Slings         | 1 2 3 4 5 6 7 8 9 10 11 | 11.3
Bows           | 1 2 3 4 5 6 7 8 9 10 11 | 11.3
Crossbows      | 1 2 3 4 5 6 7 8 9 10 11 | 11.3
Throwing       | 1 2 3 4 5 6 7 8 9 10 11 | 11.3
Armour         | 1 2 3 4 5 6 7 8 9 10 11 | 11.3
Shields        | 1 2 3 4 5 6 7 8 9 10 11 | 11.3
Unarmed Combat | 1 2 3 4 5 6 7 8 9 10 11 | 11.3
Evocations     | 1 2 3 4 5 6 7 8 9 10 11 | 11.3
Hexes          | 1 2 3 4 5 6 7 8 9 |  9.7
Charms         | 1 2 3 4 5 6 7 8 9 |  9.7
Summonings     | 1 2 3 4 5 6 7 8 9 |  9.7
Necromancy     | 1 2 3 4 5 6 7 8 9 |  9.7
Translocations | 1 2 3 4 5 6 7 8 9 |  9.7
Transmutations | 1 2 3 4 5 6 7 8 9 |  9.7
Fire Magic     | 1 2 3 4 5 6 7 8 9 |  9.7
Ice Magic      | 1 2 3 4 5 6 7 8 9 |  9.7
Air Magic      | 1 2 3 4 5 6 7 8 9 |  9.7
Earth Magic    | 1 2 3 4 5 6 7 8 9 |  9.7
Poison Magic   | 1 2 3 4 5 6 7 8 9 |  9.7
Dodging        | 5 6 7 8 9 10 11 12 | 12.1
Stealth        | 5 6 7 8 9 10 11 12 | 12.0
Conjurations   | 8 9 10 11 | 11.8

Action                   |  1- 3 |  4- 6 |  7- 9 | 10-12 | 13-15 | 16-18 || total
-------------------------+-------+-------+-------+-------+-------+-------++-------
Melee: Dagger            |    16 |       |       |       |       |       ||    16
       Bite              |     2 |     1 |     3 |    20 |    82 |    44 ||   152
       Unarmed           |     1 |       |       |       |       |       ||     1
       Short sword       |    11 |       |       |     5 |       |       ||    16
       Hand axe          |       |    20 |    20 |    76 |       |       ||   116
       Scimitar          |       |       |       |    47 |   492 |    47 ||   586
       War axe           |       |       |       |       |       |   211 ||   211
Throw: Boomerang         |       |     2 |    17 |    34 |    41 |     9 ||   103
 Cast: Magic Dart        |    54 |   111 |    86 |   178 |   110 |    19 ||   558
       Searing Ray       |       |     9 |    28 |    81 |    98 |    12 ||   228
       Fulminant Prism   |       |     1 |     4 |    22 |     7 |     1 ||    35
       Iskenderun's Myst |       |       |     3 |     3 |     2 |       ||     8
       Airstrike         |       |       |       |    40 |    25 |    21 ||    86
       Foxfire           |       |       |       |     9 |    62 |     1 ||    72
       Mephitic Cloud    |       |       |       |    10 |    18 |       ||    28
       Frozen Ramparts   |       |       |       |     7 |    13 |     1 ||    21
       Starburst         |       |       |       |       |    19 |       ||    19
       Shock             |       |       |       |       |     5 |       ||     5
       Ozocubu's Refrige |       |       |       |       |    47 |    66 ||   113
Evoke: Wand              |       |       |       |    18 |     1 |     5 ||    24
       Lightning rod     |       |       |       |       |     2 |       ||     2
  Use: Scroll            |     2 |     8 |     7 |    14 |    15 |     3 ||    49
       Potion            |       |       |     1 |       |     4 |     1 ||     6
 Stab: Confused          |       |       |       |     3 |     2 |       ||     5
       Distracted        |       |       |       |       |     2 |     1 ||     3
       Sleeping          |       |       |       |       |       |     3 ||     3
  Eat: Chunk             |       |    10 |    10 |    15 |    25 |    13 ||    73
       Ration            |       |       |     1 |     4 |     8 |     6 ||    19
Armor: Robe              |     1 |     6 |    12 |    50 |   116 |    85 ||   270
Dodge: Dodged            |    31 |    34 |    36 |   166 |   345 |   253 ||   865
Block: Other             |       |     3 |    16 |    18 |       |       ||    37
       Reflection        |       |       |       |    19 |     3 |     5 ||    27
       Buckler           |       |       |       |    96 |   345 |   255 ||   696
       Rpst.: Scimitar   |       |       |       |    12 |    86 |     5 ||   103

Table legend:
 A = Non-vault XP
 B = Vault XP
 C = Vault XP percentage of total XP
 D = Non-vault monster count
 E = Vault monster count
 F = Vault count percentage of total count
                 A         B        C        D         E       F
            +---------+---------+-------+---------+---------+-------
      Total |  128973 |   80429 |  38.4 |     701 |     347 |  33.1
            +---------+---------+-------+---------+---------+-------
        D:1 |      65 |       8 |  11.0 |      25 |       6 |  19.4
        D:2 |     154 |       0 |   0.0 |      32 |       0 |   0.0
        D:3 |      50 |       0 |   0.0 |      23 |       0 |   0.0
        D:4 |     137 |       0 |   0.0 |      16 |       0 |   0.0
        D:5 |     535 |     574 |  51.8 |      21 |       5 |  19.2
        D:6 |    2516 |     212 |   7.8 |      32 |       1 |   3.0
        D:7 |    1515 |     296 |  16.3 |      34 |       1 |   2.9
        D:8 |     977 |       0 |   0.0 |      23 |       0 |   0.0
        D:9 |    2576 |       0 |   0.0 |      35 |       0 |   0.0
       D:10 |    3738 |     862 |  18.7 |      17 |       6 |  26.1
       D:11 |    2948 |    1007 |  25.5 |      22 |       4 |  15.4
       D:12 |    5442 |    7442 |  57.8 |      29 |      46 |  61.3
       D:13 |    3980 |       0 |   0.0 |      17 |       0 |   0.0
     Lair:1 |    4446 |    2056 |  31.6 |      23 |       4 |  14.8
     Lair:2 |    3248 |    1181 |  26.7 |      15 |       4 |  21.1
     Lair:3 |    4066 |    7007 |  63.3 |      17 |      11 |  39.3
     Lair:4 |   10205 |   11498 |  53.0 |      39 |      23 |  37.1
     Lair:5 |    7410 |    3852 |  34.2 |      31 |       9 |  22.5
     Lair:6 |   15848 |    8176 |  34.0 |      38 |      46 |  54.8
   Spider:1 |    3930 |    8347 |  68.0 |      10 |      36 |  78.3
   Spider:2 |   22558 |       0 |   0.0 |      63 |       0 |   0.0
   Spider:3 |   11546 |    1568 |  12.0 |      34 |       7 |  17.1
   Spider:4 |   12735 |    2137 |  14.4 |      32 |       6 |  15.8
      Orc:1 |    2495 |    5613 |  69.2 |      29 |      26 |  47.3
      Orc:2 |    5853 |   14322 |  71.0 |      44 |      72 |  62.1
    Ossuary |       0 |     155 | 100.0 |       0 |      16 | 100.0
    Volcano |       0 |    4116 | 100.0 |       0 |      18 | 100.0
            +---------+---------+-------+---------+---------+-------
